 Dungeon Crawl Stone Soup version 0.31-a0-851-g7ff8af7976 (webtiles) character file.

Game seed: 15815624822144486558

71 olourkin the Cudgeller (level 4, -6/66 HPs)
             Began as a Troll Berserker on Oct 7, 2023.
             Was a Believer of Trog.
             Mangled by a gnoll
             ... wielding a +0 halberd
              (10 damage)
             ... on level 2 of the Dungeon.
             The game lasted 00:05:57 (1501 turns).

olourkin the Cudgeller (Troll Berserker)            Turns: 1501, Time: 00:05:57

Health: -6/66      AC:  4    Str: 25    XL:     4   Next: 5%
Magic:  3/3        EV: 10    Int:  3    God:    Trog [**....]
Gold:   31         SH:  0    Dex: 11    Spells: 3/3 levels left

rFire   . . .        a - +0 mace
rCold   . . .        (no shield)
rNeg    . . .        b - +0 animal skin
rPois   .            (helmet restricted)
rElec   .            (no cloak)
rCorr   .            (gloves unavailable)
SInv    .            (boots unavailable)
Will    .....        (no amulet) Stlth
                     (no ring)
HPRegen 1.11/turn    (no ring)
MPRegen 0.08/turn

%: no passive effects
@: berserking (expiring), very quick
A: large, unfitting armour, claws 3, regeneration 1, shaggy fur 1, tough skin 1
a: Renounce Religion, Berserk, Trog's Hand


You were on level 2 of the Dungeon.
You worshipped Trog.
Trog was pleased with you.
You visited 1 branch of the dungeon, and saw 2 of its levels.

You collected 31 gold pieces.

Inventory:

Hand Weapons
 a - a +0 mace (weapon)
Missiles
 d - 17 stones (quivered)
 g - 5 darts of dispersal
 m - 6 boomerangs
Armour
 b - a +0 animal skin (worn)
Scrolls
 f - a scroll of enchant armour {unknown}
 i - a scroll of identify {unknown}
 j - a scroll of poison {unknown}
 k - a scroll of teleportation {unknown}
Potions
 c - a potion of mutation {unknown}
 e - a potion of haste {unknown}
 h - a potion of degeneration {unknown}
 l - a potion of ambrosia {unknown}


   Skills:
 - Level 2.4 Fighting
 + Level 4.5 Maces & Flails
 - Level 2.4 Dodging


You had 3 spell levels left.
You didn't know any spells.
Your spell library was empty.

Dungeon Overview and Level Annotations

Branches:
Dungeon (2/15)

Altars:

Shops:
D:1 [


Innate Abilities, Weirdness & Mutations

You are too large for most types of armour.
You have claws for hands.
Your natural rate of healing is unusually fast.
You are covered in fur. (AC +1)
You have tough skin. (AC +1)


Message History

You sock the gnoll!
The gnoll is almost dead.
You hit the gnoll.
You kill the gnoll!
Trog accepts your kill.
You closely miss the gnoll. The gnoll hits you with a +0 flail!
The gnoll hits you from afar with a +0 halberd!
* * * LOW HITPOINT WARNING * * *
A red film seems to cover your vision as you go berserk!
You feel yourself moving faster!
You feel mighty! The gnoll closely misses you. x2
You sock the gnoll!
The gnoll is severely wounded.
The gnoll barely misses you.
You barely miss the gnoll.
The gnoll is severely wounded.
The gnoll hits you from afar with a +0 halberd.
* * * LOW HITPOINT WARNING * * *
The gnoll closely misses you.
You barely miss the gnoll.
The gnoll is severely wounded.
The gnoll hits you from afar with a +0 halberd.
* * * LOW HITPOINT WARNING * * *
The gnoll hits you with a +0 flail!
* * * LOW HITPOINT WARNING * * *
You closely miss the gnoll. Your claw misses the gnoll.
The gnoll is severely wounded.
The gnoll hits you from afar with a +0 halberd.
* * * LOW HITPOINT WARNING * * *
You hit the gnoll.
You kill the gnoll!
Trog accepts your kill.
You have reached level 4!
You hit the gnoll.
The gnoll is almost dead.
The gnoll misses you. The gnoll attacks as it pursues you!
The gnoll hits you with a +0 club.
* * * LOW HITPOINT WARNING * * *
The gnoll attacks as it pursues you!
The gnoll hits you from afar with a +0 halberd!
You die...

##...## ##...##### ##.###.##
#.........
#########.#####.####...#####
...................##.##
####.......##|#..##.#
#..#.†........##.#
#..###...###..##.#
#..####.## #..##.# #...gg@.#
#..##.# #...########..##.#
#...# #<......# .### #...#
#.#..#### ..... ####†..#
#......
......#......#....#.#..##
........................
......#.####.####.#.#.##
......#.# #.# ##...#


You could see 2 gnolls.

Vanquished Creatures
  An adder (D:2)
  2 gnolls (D:2)
  4 dart slugs (D:1)
  3 endoplasms
  4 goblins (D:1)
  3 hobgoblins
  2 quokkas
  5 ball pythons
  3 bats
  3 frilled lizards
  5 kobolds (D:1)
  A rat (D:1)
36 creatures vanquished.

Notes
Turn   | Place    | Note
-------+----------+-------------------------------------------
     0 | D:1      | olourkin the Troll Berserker began the quest for the Orb.
     0 | D:1      | Reached XP level 1. HP: 22/22 MP: 0/0
    73 | D:1      | Found Kehih's Armour Boutique.
   120 | D:1      | Reached skill level 3 in Maces & Flails
   258 | D:1      | Reached XP level 2. HP: 29/29 MP: 1/1
   623 | D:1      | Reached XP level 3. HP: 36/36 MP: 2/2
  1049 | D:2      | Reached skill level 4 in Maces & Flails
  1110 | D:2      | Reached ** piety under Trog
  1500 | D:2      | Reached XP level 4. HP: 5/44 MP: 3/3
  1501 | D:2      | Mangled by a gnoll

Illustrated notes

Levels and vault maps discovered:
D:1:      lightli_arrival_statuegarden, layout_basic, serial_shops, shop,
          minmay_misc_feat_doors, minivault_5, chequers_serial_rivers_small_a
D:2:      layout_loops_ring, serial_bayou_pond_d

Skill      XL: |  1  2  3 |
---------------+----------+-----
Maces & Flails | 3 4 |  4.5
Fighting       | |  2.4
Dodging        | |  2.4

Action                     |  1- 3 |  4- 6 || total
---------------------------+-------+-------++-------
  Melee: Mace              |   146 |     1 ||   147
  Throw: Stone             |     2 |       ||     2
 Invoke: Berserk           |     1 |       ||     1
 Armour: Animal skin       |   112 |     2 ||   114
  Dodge: Dodged            |    79 |     1 ||    80

Table legend: (Time is in decaauts)
 A = Elapsed time spent in this place.
 B = Non-inter-level travel time spent in this place.
 C = Inter-level travel time spent in this place.
 D = Time resting spent in this place.
 E = Time spent auto-exploring this place.
 F = Levels seen in this place.
 G = Mean time per level.
                   A        B        C        D        E       F      G
               +--------+--------+--------+--------+--------+-----+--------+
         Total |   1529 |   1435 |     94 |      9 |   1047 |   2 |  764.5 |
       Dungeon |   1529 |   1435 |     94 |      9 |   1047 |   2 |  764.5 |
               +--------+--------+--------+--------+--------+-----+--------+

Top non-repeatable levels by time:
     D:1: 1062 daAuts
     D:2: 466 daAuts
